 Dungeon Crawl Stone Soup version 0.23.2-40-g277498a001 (webtiles) character file.

Game seed: 7169123459026273453

4554 Martska the Cleaver (level 10, -5/94 HPs)
             Began as a Hill Orc Fighter on Oct 22, 2019.
             Was an Elder of Okawaru.
             Slain by an orc warrior
             ... wielding a +0 battleaxe of freezing
              (23 damage)
             ... on level 9 of the Dungeon on Oct 23, 2019.
             The game lasted 00:32:45 (10954 turns).

Martska the Cleaver (Hill Orc Fighter)             Turns: 10954, Time: 00:32:47

Health: -5/94      AC: 10    Str: 23    XL:     10   Next: 40%
Magic:  10/10      EV:  8    Int:  8    God:    Okawaru [****..]
Gold:   247        SH:  0    Dex: 10    Spells: 9/9 levels left

rFire    . . .     SeeInvis .   t - +0 broad axe
rCold    . . .     Gourm    .   c - +0 shield
rNeg     . . .     Faith    .   y - +0 plate armour
rPois    .         Spirit   .   j - +0 helmet
rElec    .         Reflect  .   (no cloak)
rCorr    .         Harm     .   B - +0 pair of gloves
MR       .....                  (no boots)
Stlth    ..........             q - amulet of rage
HPRegen  0.25/turn              (no ring)
MPRegen  0.12/turn              (no ring)

@: confused, lethally poisoned (-5 -> -7), about to teleport, heroism, corroded
A: no striking features
a: Heroism, Renounce Religion, Evoke Berserk Rage


You were on level 9 of the Dungeon.
You worshipped Okawaru.
Okawaru was greatly pleased with you.
You were not hungry.

You visited 1 branch of the dungeon, and saw 9 of its levels.

You collected 445 gold pieces.
You spent 198 gold pieces at shops.

Inventory:

Hand Weapons
 a - a +0 war axe
 e - a +2 spear of distortion
 t - a +0 broad axe (weapon)
Armour
 b - a +0 scale mail
 c - a +0 shield (worn)
 j - a +0 helmet (worn)
 n - the +2 ring mail of Recklessness {rF+++ MR- Regen+ rCorr Dex+7, unknown}
   (You found it on level 7 of the Dungeon)

   It affects your dexterity (+7).
   It renders you almost immune to fire.
   It affects your resistance to hostile enchantments.
   It increases your rate of regeneration.
   It provides partial protection from all sources of acid and corrosion.
 y - a +0 plate armour (worn)
 B - a +0 pair of gloves (worn)
Jewellery
 q - an amulet of rage (around neck)
Wands
 u - a wand of random effects (5)
 z - a wand of iceblast (10)
 C - a wand of paralysis (5)
Scrolls
 g - a scroll of immolation
 k - a scroll of fog
 m - 4 scrolls of remove curse
 p - 2 scrolls of teleportation
 r - 2 scrolls of enchant armour
 w - a scroll of noise
 x - 2 scrolls of enchant weapon
 A - a scroll of identify
Potions
 d - a potion of might
 h - a potion of invisibility
 i - a potion of resistance
 l - 2 potions of agility
 o - a potion of magic
 s - a potion of cancellation {unknown}
 v - a potion of ambrosia
 D - a potion of degeneration {unknown}
 E - a potion of brilliance {unknown}
 F - 2 potions of flight {unknown}
Comestibles
 f - 15 rations


   Skills:
 * Level 10.8(15.8) Fighting
 * Level 11.3(16.3) Axes
 + Level 7.4(12.4) Armour
 + Level 7.4(12.4) Shields


You had 9 spell levels left.
You didn't know any spells.
Your spell library was empty.

Dungeon Overview and Level Annotations

Branches:
Dungeon (9/15)
 Temple: D:4-7         Lair: D:8-11         Orc: D:9-12

Altars:
Dithmenos
Elyvilon
Fedhas
Hepliaklqana
Okawaru
Qazlal
Wu Jian
Xom

Shops:
D:5 ?:![}   D:7 (

Annotations:
D:9 1 transporter


Message History

You kill the orc warrior!
Okawaru accepts your kill.
You barely miss the hobgoblin. You barely miss the worker ant.
The orc warrior hits you from afar with a +0 glaive!
* * * LOW HITPOINT WARNING * * *
You hit the hobgoblin but do no damage. You hit the hobgoblin.
You kill the hobgoblin!
You hit the worker ant but do no damage.
The worker ant bites you.
* * * LOW HITPOINT WARNING * * *
You are poisoned.
The worker ant poisons you! You block the orc warrior's attack.
You are confused.
You feel invigorated.
You feel sick.
The worker ant waves its antennae.
The worker ant barely misses you.
The hobgoblin hits you but does no damage.
The worker ant bites you but does no damage.
The orc warrior hits you with a +0 battleaxe of freezing!!
You die...

## ## #.#.
J##.... ##..#..#
#..oo..#.#
#o#aZ...# #.@g#
#.### #..##
###.# #.####
#..#.# #
#..#.### .# ..
#.##.#.###.##...
#.......>...#.#


You could see 2 orc warriors, a worker ant, an orc wizard, an adder zombie and a
hobgoblin.

Vanquished Creatures
  Pikel (D:8)
  A gargoyle (D:7)
  The ghost of Curus the Spear-Bearer, a novice MfAK of Lugonu (D:5)
  Prince Ribbit (D:7)
  Sigmund (D:2)
  A human (D:7)
  4 hogs (D:7)
  5 sky beasts
  2 slaves (D:8)
  An orc warrior (D:9)
  A phantom (D:8)
  3 ogres
  A big kobold (D:8)
  4 bullfrogs
  A scorpion (D:4)
  3 howler monkeys (D:7)
  2 crimson imps
  2 quasits
  3 orc priests
  3 jellies
  A bullfrog skeleton (D:2)
  A centaur skeleton (D:8)
  4 hounds (D:7)
  Terence (D:3)
  2 iguanas
  4 orc wizards
  6 worker ants
  Robin (D:2)
  4 gnolls (D:7)
  A worker ant zombie (D:7)
  10 adders
  A shadow imp (D:7)
  4 oozes
  An adder skeleton (D:5)
  6 worms
  3 dart slugs
  7 leopard geckos
  12 orcs
  4 giant cockroaches
  20 goblins
  5 hobgoblins
  6 jackals
  15 kobolds
  2 quokkas
  A ball python (D:1)
  9 bats
  4 frilled lizards
  A jackal skeleton (D:4)
  A jackal zombie (D:7)
  A quokka zombie (D:5)
  9 rats
188 creatures vanquished.

Notes
Turn   | Place    | Note
-------+----------+-------------------------------------------
     0 | D:1      | Martska the Hill Orc Fighter began the quest for the Orb.
     0 | D:1      | Reached XP level 1. HP: 19/19 MP: 1/1
   255 | D:1      | Reached XP level 2. HP: 27/27 MP: 2/2
   378 | D:1      | Reached skill level 3 in Axes
   508 | D:1      | Reached XP level 3. HP: 31/33 MP: 3/3
  1105 | D:1      | You fall through a shaft!
  1359 | D:2      | Reached XP level 4. HP: 40/41 MP: 4/4
  1453 | D:2      | Found a hazy altar of Hepliaklqana.
  1819 | D:2      | Reached skill level 4 in Axes
  1819 | D:2      | Reached XP level 5. HP: 39/47 MP: 5/5
  1865 | D:2      | Reached skill level 5 in Fighting
  2285 | D:2      | You fall through a shaft for 2 floors!
  2493 | D:3      | Found an iron altar of Okawaru.
  2501 | D:3      | Became a worshipper of Warmaster Okawaru
  2786 | D:2      | Found a shadowy altar of Dithmenos.
  2807 | D:2      | Noticed Sigmund
  2821 | D:2      | Noticed Robin
  3316 | D:2      | Killed Sigmund
  3316 | D:2      | Reached skill level 5 in Axes
  3316 | D:2      | Reached XP level 6. HP: 25/57 MP: 6/6
  3351 | D:2      | Killed Robin
  4336 | D:3      | Noticed Terence
  4342 | D:3      | Killed Terence
  4577 | D:4      | Reached XP level 7. HP: 51/63 MP: 7/7
  5044 | D:4      | Reached skill level 6 in Axes
  5252 | D:4      | Found a shimmering altar of Xom.
  5408 | D:4      | Reached * piety under Okawaru
  5445 | D:5      | Entered Level 5 of the Dungeon
  5822 | D:5      | Found Jelo's Distillery.
  5827 | D:5      | Bought a potion of curing for 36 gold pieces
  5841 | D:5      | Found Joups's Book Shop.
  6202 | D:5      | Reached skill level 5 in Armour
  6202 | D:5      | Reached skill level 5 in Shields
  6248 | D:5      | Found Ytimp's Antique Armour Emporium.
  6294 | D:5      | Found Nulycats's Gadget Shoppe.
  6417 | D:5      | Reached skill level 7 in Axes
  6424 | D:5      | Found a runed translucent door.
  6442 | D:5      | Found a runed translucent door.
  6442 | D:5      | Noticed Curus's ghost (novice MfAK)
  6452 | D:5      | Reached XP level 8. HP: 60/73 MP: 5/8
  6476 | D:5      | Killed Curus's ghost
  6476 | D:5      | Reached ** piety under Okawaru
  7308 | D:5      | Reached skill level 8 in Axes
  7329 | D:5      | Found a stormy altar of Qazlal.
  7405 | D:5      | Found Tuhorome's Magic Scroll Shoppe.
  7409 | D:5      | Bought a scroll of teleportation for 36 gold pieces
  7409 | D:5      | Bought a scroll of teleportation for 36 gold pieces
  7409 | D:5      | Bought a scroll of enchant weapon for 90 gold pieces
  7432 | D:5      | You fall through a shaft for 3 floors!
  7432 | D:8      | Noticed Pikel
  7445 | D:8      | HP: 3/74 [poisoned by a kobold]
  7451 | D:8      | HP: 3/74 [poisoned by a kobold]
  7459 | D:7      | HP: 3/74 [poisoned by a kobold]
  7858 | D:7      | Noticed Prince Ribbit
  7898 | D:7      | Noticed a gargoyle
  7907 | D:7      | Killed a gargoyle
  7907 | D:7      | Reached XP level 9. HP: 9/82 MP: 9/9
  8383 | D:7      | Reached skill level 9 in Axes
  8939 | D:7      | Killed Prince Ribbit
  8939 | D:7      | Reached *** piety under Okawaru
  9171 | D:6      | Found an ornate altar of the Wu Jian Council.
  9320 | D:7      | Reached skill level 10 in Axes
  9660 | D:7      | Got a scorched ring mail
  9746 | D:7      | Found Pingopt's Antique Weapon Boutique.
  9827 | D:7      | Reached skill level 10 in Fighting
 10025 | D:7      | Found a blossoming altar of Fedhas.
 10084 | D:8      | Reached XP level 10. HP: 79/93 MP: 10/10
 10151 | D:8      | Reached **** piety under Okawaru
 10245 | D:8      | Found a white marble altar of Elyvilon.
 10480 | D:8      | Killed Pikel
 10480 | D:8      | Reached skill level 11 in Axes
 10901 | D:9      | Found a transporter.
 10904 | D:9      | Noticed a kobold demonologist
 10904 | D:9      | Noticed a kobold demonologist
 10905 | D:9      | Noticed a deep elf knight
 10909 | D:9      | Noticed an orc sorcerer
 10954 | D:9      | Slain by an orc warrior

Skill      XL: |  1  2  3  4  5  6  7  8  9 10 |
---------------+-------------------------------+-----
Axes           | 3 4 5 7 8 10 11 | 11.3
Fighting       | 4 5 6 7 8 10 | 10.8
Armour         | 4 5 6 7 |  7.4
Shields        | 4 5 6 7 |  7.4

Action                   |  1- 3 |  4- 6 |  7- 9 | 10-12 || total
-------------------------+-------+-------+-------+-------++-------
Melee: War axe           |   113 |   206 |       |       ||   319
       Broad axe         |       |       |   335 |   114 ||   449
Invok: Heroism           |       |       |     4 |     2 ||     6
 Abil: Evoke Berserk Rag |       |       |     1 |       ||     1
  Use: Scroll            |       |     5 |     6 |     1 ||    12
       Potion            |       |     1 |     5 |     1 ||     7
  Eat: Chunk             |     2 |     2 |     1 |       ||     5
       Ration            |       |     2 |     6 |     1 ||     9
Armor: Scale mail        |    60 |   121 |   145 |       ||   326
       Plate armour      |       |       |    44 |    57 ||   101
Dodge: Dodged            |    29 |    76 |   120 |    24 ||   249
Block: Shield            |    69 |   103 |   206 |    67 ||   445
